Map: Moonlight Madness LE (Void)

Players

Theseus

  • Race: Zerg Zerg
  • League: Grandmaster

SticklerMac - Winner!

  • Race: Zerg Zerg

VOD

Have the link to the VOD?

Description

Time

  • Played on: Aug. 5, 2015, 6:27 p.m.
  • Length: 4:41
Show
View Real Time Build Order
Export as new Build Order

Theseus Zerg 

Build Orders: Pool First 

Get SALT Encoding   

  12  0:02  Drone  
  13  0:13  Overlord  
  13  0:22  Drone  
  14  0:44  Drone x2, Spawning Pool  
  15  1:02  Drone  
  15  1:03  Drone  
  17  1:20  Drone  
  17  1:22  Hatchery  
  17  1:23  Drone  
  18  1:35  Queen  
  18  1:36  Drone  
  21  1:40  Extractor  
  21  1:41  Drone  
  21  1:54  Drone  
  22  2:01  Overlord  
  22  2:15  Evolution Chamber  
  21  2:25  Drone x2  
  23  2:34  Queen  
  25  2:40  Drone  
  26  2:52  Zergling x4  
  27  3:08  Zergling x14  
  31  3:23  Queen  
  33  3:30  Drone x2  
  35  3:45  Overlord  
  35  3:46  Overlord x2  
  29  3:57  Zergling x2  
  29  3:58  Zergling x8  
  28  4:14  Zergling x8  
Show
View Real Time Build Order
Export as new Build Order

SticklerMac Zerg - Winner!

Build Orders: Pool First 

Get SALT Encoding   

  12  0:00  Drone  
  13  0:23  Spawning Pool  
  13  0:28  Drone  
  13  0:36  Overlord  
  13  0:40  Drone  
  14  1:02  Drone x2  
  16  1:05  Extractor  
  15  1:19  Hatchery  
  15  1:23  Drone  
  15  1:27  Drone  
  16  1:33  Drone  
  17  1:45  Queen  
  19  1:55  Zergling x2  
  19  1:56  Zergling x2  
  21  2:04  Overlord  
  21  2:10  Metabolic Boost  
  21  2:20  Zergling x2  
  22  2:26  Zergling x2  
  23  2:35  Baneling Nest, Zergling x2  
  23  2:37  Zergling x2  
  23  2:41  Queen  
  26  2:45  Drone  
  27  2:53  Zergling x4  
  27  2:57  Zergling x2  
  30  3:07  Zergling x4  
  30  3:08  Zergling x2  
  30  3:11  Zergling x2  
  34  3:17  Zergling x2  
  33  3:23  Zergling x2  
  33  3:25  Zergling x2  
  33  3:26  Zergling x2  
  35  3:36  Zergling x2  
  36  3:42  Overlord  
  36  3:44  Overlord  
  36  3:52  Zergling x2  
  36  3:55  Zergling x4  
  35  4:03  Zergling x4  
  35  4:07  Zergling x2  
  38  4:10  Zergling x2  
  37  4:17  Zergling x4  
  37  4:20  Zergling x2  
  37  4:24  Zergling x2  
Tags
 
Add a new tag
Caveats
  • Supply blocks, unpowered buildings, or Contaminate may cause inaccurate times.
  • Supply counts are checked every 10 seconds.